cohdb
Replays
Latest Replays
All Replays
Popular Replays
Top Player Replays
Match Explorer
How It Works
Community
CoH3 Stats
Reddit
Sign in to upload your games and track your stats! →
Sign in with Steam
Match 43292629
Unlisted
Match 43292629
Overview
Messages
Build Orders
End
Construct Section Command Post
Infantry Section
Infantry Section
Infantry Section
Construct Field Infirmary
Construct Platoon Command Post
Humber Armored Car
Infantry Section
Infantry Section
6-pounder Anti-tank Gun Team
Infantry Training
Infantry Section
Royal Engineer Section
Construct Company Command Post
Unlock M3 Grant Medium Tanks
M3 Grant Medium Tank
Grenade Package
M3 Grant Medium Tank
Selects Heavy Armor Battlegroup
Selects Rigorous Vehicle Training
Selects Forward Repair Assembly
Selects Churchill Black Prince Heavy Tank
Churchill Black Prince Heavy Tank
Selects Light Vehicle Withdraw and Refit
Selects Radio Net
M3 Grant Medium Tank
Radio Net
Mike
mr.napalman
detahaven
T.R. Olvadi
0
0
Comments
sign in to comment!
No comments posted yet!